Blues vs Flames
Created - 3 décembre 2012 at 19:36
Goals
|
| Blues |
0 |
0 |
4 |
4 |
| Flames |
0 |
3 |
2 |
5 |
|
Shots
|
| Blues |
9 |
8 |
12 |
29 |
| Flames |
4 |
8 |
16 |
28 |
|
1st period
No Goal
Penalties :
Matthew Lombardi (STL) for Hooking (Minor) at 14:45
2nd period
1. Flames , Pavel Bure 2 (Alexander Semin, Eric Staal) at 4:50 (PP)
2. Flames , Alexander Semin 5 (Pavel Bure) at 9:45 (PP)
3. Flames , Eric Staal 1 (Matt Smaby) at 12:32 (PP)
Penalties :
Dan Boyle (STL) for Holding (Minor) at 3:46, Michal Handzus (Cal) for Slashing (Minor) at 5:59, Colby Armstrong (STL) for Holding (Minor) at 9:43, Éric Belanger (STL) for Hooking (Minor) at 11:32, Teemu Selanne (STL) for Slashing (Minor) at 12:58
3rd period
4. Blues , Vaclav Varada 2 (Éric Belanger) at 3:50
5. Blues , Matthew Lombardi 1 (Paul Kariya) at 7:29 (SH)
6. Flames , Eric Staal 2 (Alexander Semin) at 13:22 (PP)
7. Flames , Petr Schastlivy 3 (Eric Staal) at 15:53
8. Blues , Henrik Zetterberg 4 (Stephane Robidas, Dan Boyle) at 17:58
9. Blues , Teemu Selanne 3 (Paul Kariya, Travis Zajac) at 18:11 (PP)
Penalties :
Kyle Calder (Cal) for Interference (Minor) at 1:22, Tomas Plekanec (STL) for Roughing (Minor) at 6:59, Jordin Tootoo (Cal) for Tripping (Minor) at 11:12, Steve McCarthy (STL) for High sticking (Minor) at 13:13, Owen Nolan (Cal) for Interference (Minor) at 17:59, Henrik Zetterberg (STL) for Roughing (Minor) at 18:53
Goalie Stats
Tuukka Rask (STL), 23 saves from 28 shots - (0,821), L, 2-2-0, 60:00 minutes
Pekka Rinne (Cal), 25 saves from 29 shots - (0,862), W, 3-2-0, 60:00 minutes
Players Stats for Blues
Player Name G A P +/- PIM S H SB GA TA FO MP PP MP PK MP
------------------------------------------------------------------------------------
Bryce Lampman 0 0 0 1 0 1 2 0 0 1 0/0 19:25 0:20 5:46
Colby Armstrong 0 0 0 0 2 1 1 0 0 0 0/0 10:23 0:00 0:00
Dan Boyle 0 1 1 1 2 1 2 1 0 1 0/0 25:04 2:53 3:02
Éric Belanger 0 1 1 1 2 1 0 1 1 0 4/6 10:16 0:00 2:56
Guillaume Latendresse 0 0 0 0 0 0 1 0 0 0 0/0 11:45 0:00 1:13
Henrik Zetterberg 1 0 1 0 2 4 4 0 0 0 0/0 17:15 3:06 0:34
Jamie Langenbrunner 0 0 0 0 0 2 5 0 0 0 0/0 16:41 3:06 0:00
Johnny Boychuk 0 0 0 0 0 0 0 1 0 0 0/0 15:20 2:26 0:42
Matthew Lombardi 1 0 1 1 2 4 2 1 0 0 6/12 15:21 0:00 4:48
Paul Kariya 0 2 2 1 0 2 2 0 1 0 5/10 21:53 3:03 5:45
Stephane Robidas 0 1 1 1 0 1 4 1 1 0 0/0 20:58 2:26 0:00
Steve McCarthy 0 0 0 1 2 1 0 1 0 1 0/0 17:35 0:50 5:37
Teemu Selanne 1 0 1 0 2 4 1 0 0 1 3/4 17:14 3:03 1:08
Tobias Enstrom 0 0 0 0 0 1 0 1 1 0 0/0 21:36 3:23 3:29
Tomas Plekanec 0 0 0 0 2 1 2 0 0 0 7/15 16:27 3:06 0:03
Travis Zajac 0 1 1 0 0 1 2 0 1 0 9/21 16:32 3:03 0:00
Vaclav Varada 1 0 1 1 0 4 2 0 0 0 0/0 9:29 0:00 2:09
Ville Peltonen 0 0 0 1 0 0 0 0 0 0 0/0 7:20 0:00 0:00
Players Stats for Flames
Player Name G A P +/- PIM S H SB GA TA FO MP PP MP PK MP
------------------------------------------------------------------------------------
Alexander Semin 1 2 3 -2 0 4 2 1 3 0 1/3 18:52 6:01 1:27
Blair Betts 0 0 0 -1 0 0 0 0 0 0 3/7 9:28 0:10 1:08
David Backes 0 0 0 -1 0 1 3 0 0 0 0/0 14:45 3:17 0:00
David Moss 0 0 0 -1 0 2 2 2 0 0 0/0 8:17 0:00 0:07
Eric Staal 2 2 4 0 0 5 0 0 0 0 17/33 21:16 5:51 1:27
Jordin Tootoo 0 0 0 -1 2 1 1 1 0 0 1/1 9:26 0:10 1:07
Kyle Calder 0 0 0 0 2 0 3 0 0 0 0/0 14:14 3:17 0:00
Matt Smaby 0 1 1 -2 0 0 2 0 0 0 0/0 14:39 3:25 0:00
Michal Handzus 0 0 0 -1 2 0 0 0 0 1 8/13 14:08 0:00 2:27
Mike Mottau 0 0 0 1 0 0 0 2 0 0 0/0 21:03 3:01 2:40
Owen Nolan 0 0 0 0 2 3 1 0 0 0 0/1 10:55 0:00 0:00
Pavel Bure 1 1 2 0 0 3 3 1 0 0 0/0 20:44 5:51 1:09
Petr Schastlivy 1 0 1 1 0 3 2 0 0 0 0/0 17:28 0:00 3:26
Radek Martinek 0 0 0 -2 0 0 0 0 0 0 0/0 10:52 0:00 0:00
Rob Blake 0 0 0 0 0 1 1 1 0 1 0/0 21:59 6:17 2:40
Shawn Horcoff 0 0 0 0 0 4 3 1 0 2 4/10 14:14 3:17 0:00
Steve Eminger 0 0 0 0 0 0 1 2 1 1 0/0 24:05 0:00 3:29
Tomas Kaberle 0 0 0 -1 0 1 1 2 0 0 0/0 27:22 5:53 3:29
3 Stars
1 - Eric Staal (Cal)
2 - Pavel Bure (Cal)
3 - Alexander Semin (Cal)
Power Play
Blues - 1 on 4 Attempt(s) - 25,00%
Flames - 4 on 8 Attempt(s) - 50,00%
Penalty Kill
Blues - 4 on 8 Attempt(s) - 50,00%
- Score 1 goal in Penalty Kill
Flames - 3 on 4 Attempt(s) - 75,00%
- Score 0 goal in Penalty Kill
Official
Referees : Auger Stephane and Kozari Steve
Linesman : Lonnie Cameron and Thor Nelson
Game Notes
No Game Note
Finance
Level 1 -- Attendance: 4559 (75,98%) -- Ticket Income 451 341 $
Level 2 -- Attendance: 5000 (100,00%) -- Ticket Income 295 000 $
Level 3 -- Attendance: 1893 (94,65%) -- Ticket Income 60 576 $
Level 4 -- Attendance: 2963 (74,08%) -- Ticket Income 65 186 $
Luxury Box -- Attendance: 794 (79,40%) -- Ticket Income 158 006 $
Game was played at the Metal Center
Total Attendance: 15209 (84,49%)
Total Ticket Income: 1 030 109 $
Total Income: 1 030 109 $
Blues
5 vs 5 Forward
Center Left Wing Right Wing Time % Phy DF OF
1 Travis Zajac Henrik Zetterberg Jamie Langenbrunner 35 1 1 3
2 Tomas Plekanec Paul Kariya Teemu Selanne 35 1 1 3
3 Matthew Lombardi Guillaume Latendresse Colby Armstrong 20 1 2 2
4 Éric Belanger Ville Peltonen Vaclav Varada 10 1 2 2
5 vs 5 Defense
Defense Defense Time % Phy DF OF
1 Dan Boyle Stephane Robidas 40 1 2 2
2 Tobias Enstrom Bryce Lampman 30 1 2 2
3 Steve McCarthy Johnny Boychuk 20 1 2 2
4 Dan Boyle Tobias Enstrom 10 1 2 2
PowerPlay Forward
Center Left Wing Right Wing Time % Phy DF OF
1 Travis Zajac Paul Kariya Teemu Selanne 50 0 1 4
2 Tomas Plekanec Henrik Zetterberg Jamie Langenbrunner 50 0 1 4
PowerPlay Defense
Defense Defense Time % Phy DF OF
1 Dan Boyle Tobias Enstrom 60 0 2 3
2 Johnny Boychuk Stephane Robidas 40 0 2 3
Penalty Kill 4 Players Forward
Center Wing Time % Phy DF OF
1 Paul Kariya Matthew Lombardi 60 1 3 1
2 Éric Belanger Vaclav Varada 40 1 3 1
Penalty Kill 4 Players Defense
Defense Defense Time % Phy DF OF
1 Bryce Lampman Steve McCarthy 60 2 3 0
2 Dan Boyle Tobias Enstrom 40 2 3 0
Penalty Kill - 3 Players Forward
Forward Time % Phy DF OF
1 Jamie Langenbrunner 60 1 3 1
2 Paul Kariya 40 1 3 1
Penalty Kill - 3 Players Defense
Defense Defense Time % Phy DF OF
1 Dan Boyle Steve McCarthy 60 2 3 0
2 Bryce Lampman Stephane Robidas 40 2 3 0
4 vs 4 Forward
Center Wing Time % Phy DF OF
1 Travis Zajac Henrik Zetterberg 60 1 2 2
2 Tomas Plekanec Paul Kariya 40 1 2 2
4 vs 4 Defense
Defense Defense Time % Phy DF OF
1 Dan Boyle Stephane Robidas 60 1 2 2
2 Bryce Lampman Johnny Boychuk 40 1 2 2
Last Minutes Offensive
Center Left Wing Right Wing Defense Defense
Travis Zajac Henrik Zetterberg Teemu Selanne Dan Boyle Paul Kariya
Last Minutes Defensive
Center Left Wing Right Wing Defense Defense
Éric Belanger Paul Kariya Jamie Langenbrunner Dan Boyle Stephane Robidas
Goaltenders
Starting : Tuukka Rask
Backup : Tim Thomas
Extra Forwards
Normal : Colby Armstrong, Matthew Lombardi, Éric Belanger - PP : Éric Belanger, Matthew Lombardi - PK : Teemu Selanne
Extra Defensemen
Normal : Steve McCarthy, Johnny Boychuk, Bryce Lampman - PP : Steve McCarthy - PK : Johnny Boychuk, Bryce Lampman
Penalty Shots
Teemu Selanne, Paul Kariya, Guillaume Latendresse, Henrik Zetterberg, Travis Zajac
Flames
5 vs 5 Forward
Center Left Wing Right Wing Time % Phy DF OF
1 Eric Staal Petr Schastlivy Pavel Bure 35 1 2 2
2 Michal Handzus Alexander Semin David Backes 30 1 2 2
3 Shawn Horcoff Kyle Calder Owen Nolan 20 1 2 2
4 Blair Betts David Moss Jordin Tootoo 15 1 2 2
5 vs 5 Defense
Defense Defense Time % Phy DF OF
1 Tomas Kaberle Steve Eminger 40 1 3 1
2 Mike Mottau Rob Blake 30 1 3 1
3 Matt Smaby Radek Martinek 20 1 3 1
4 Mike Mottau Steve Eminger 10 1 3 1
PowerPlay Forward
Center Left Wing Right Wing Time % Phy DF OF
1 Eric Staal Alexander Semin Pavel Bure 60 1 1 3
2 Shawn Horcoff Kyle Calder David Backes 40 1 1 3
PowerPlay Defense
Defense Defense Time % Phy DF OF
1 Tomas Kaberle Rob Blake 60 1 2 2
2 Mike Mottau Matt Smaby 40 1 2 2
Penalty Kill 4 Players Forward
Center Wing Time % Phy DF OF
1 Michal Handzus Petr Schastlivy 60 1 3 1
2 Eric Staal Pavel Bure 40 1 3 1
Penalty Kill 4 Players Defense
Defense Defense Time % Phy DF OF
1 Tomas Kaberle Steve Eminger 60 1 3 1
2 Mike Mottau Rob Blake 40 1 3 1
Penalty Kill - 3 Players Forward
Forward Time % Phy DF OF
1 Michal Handzus 60 1 3 1
2 Eric Staal 40 1 3 1
Penalty Kill - 3 Players Defense
Defense Defense Time % Phy DF OF
1 Tomas Kaberle Steve Eminger 60 1 3 1
2 Mike Mottau Rob Blake 40 1 3 1
4 vs 4 Forward
Center Wing Time % Phy DF OF
1 Michal Handzus Pavel Bure 60 1 2 2
2 Eric Staal Alexander Semin 40 1 2 2
4 vs 4 Defense
Defense Defense Time % Phy DF OF
1 Tomas Kaberle Steve Eminger 60 1 2 2
2 Mike Mottau Rob Blake 40 1 2 2
Last Minutes Offensive
Center Left Wing Right Wing Defense Defense
Eric Staal Alexander Semin Pavel Bure Tomas Kaberle Steve Eminger
Last Minutes Defensive
Center Left Wing Right Wing Defense Defense
Eric Staal Petr Schastlivy Pavel Bure Tomas Kaberle Steve Eminger
Goaltenders
Starting : Pekka Rinne
Backup : Craig Anderson
Extra Forwards
Normal : David Backes, Petr Schastlivy, Kyle Calder - PP : Shawn Horcoff, David Backes - PK : Jordin Tootoo
Extra Defensemen
Normal : Rob Blake, Matt Smaby, Mike Mottau - PP : Matt Smaby - PK : Mike Mottau, Radek Martinek
Penalty Shots
Michal Handzus, Pavel Bure, Alexander Semin, David Backes, Eric Staal
% Time on Ice - Blues
Lines # - Real PCT - Wanted PCT - Time Play
Normal Forward
1 - 31% - 35% - 13:47
2 - 29% - 35% - 13:02
3 - 23% - 20% - 10:24
4 - 16% - 10% - 7:20
Normal Defense
1 - 42% - 40% - 18:51
2 - 28% - 30% - 12:20
3 - 25% - 20% - 11:00
4 - 5% - 10% - 2:22
PP Forward
1 - 50% - 50% - 3:03
2 - 50% - 50% - 3:06
PP Defense
1 - 60% - 60% - 3:43
2 - 40% - 40% - 2:26
PK Forward
1 - 77% - 60% - 7:09
2 - 23% - 40% - 2:09
PK Defense
1 - 63% - 60% - 5:49
2 - 37% - 40% - 3:29
PK3 Forward
1 - 0% - 60%
2 - 0% - 40%
PK3 Defense
1 - 0% - 60%
2 - 0% - 40%
44 Forward
1 - 0% - 60%
2 - 0% - 40%
44 Defense
1 - 0% - 60%
2 - 0% - 40%
Last Minute Offensive - 0:00
Last Minute Defensive - 0:00
Total
Forward - 60:00
Defense - 60:00
|
% Time on Ice - Flames
Lines # - Real PCT - Wanted PCT - Time Play
Normal Forward
1 - 31% - 35% - 13:59
2 - 26% - 30% - 11:28
3 - 25% - 20% - 10:56
4 - 18% - 15% - 8:10
Normal Defense
1 - 41% - 40% - 18:19
2 - 28% - 30% - 12:27
3 - 24% - 20% - 10:52
4 - 7% - 10% - 2:55
PP Forward
1 - 65% - 60% - 6:01
2 - 35% - 40% - 3:17
PP Defense
1 - 68% - 60% - 6:17
2 - 32% - 40% - 3:01
PK Forward
1 - 81% - 60% - 5:00
2 - 19% - 40% - 1:09
PK Defense
1 - 57% - 60% - 3:29
2 - 43% - 40% - 2:40
PK3 Forward
1 - 0% - 60%
2 - 0% - 40%
PK3 Defense
1 - 0% - 60%
2 - 0% - 40%
44 Forward
1 - 0% - 60%
2 - 0% - 40%
44 Defense
1 - 0% - 60%
2 - 0% - 40%
Last Minute Offensive - 0:00
Last Minute Defensive - 0:00
Total
Forward - 60:00
Defense - 60:00
|
Play by Play
1st period
0:01 of 1st period - Travis Zajac wins face-off versus Eric Staal in neutral zone.
0:11 of 1st period - Off-side.
0:12 of 1st period - Michal Handzus wins face-off versus Tomas Plekanec in neutral zone.
0:23 of 1st period - Wrist shot by Teemu Selanne.
0:23 of 1st period - Stopped by Pekka Rinne without a rebound.
0:24 of 1st period - Matthew Lombardi wins face-off versus Shawn Horcoff in Flames zone.
0:34 of 1st period - Off-side.
0:35 of 1st period - Blair Betts wins face-off versus Éric Belanger in neutral zone.
0:42 of 1st period - Snap shot by Blair Betts.
0:42 of 1st period - Shot Blocked by Dan Boyle.
0:50 of 1st period - Wrist shot by Éric Belanger.
0:50 of 1st period - Deflect By David Moss.
0:50 of 1st period - Shot Blocked by David Moss.
0:50 of 1st period - Puck is out of play.
0:51 of 1st period - Eric Staal wins face-off versus Travis Zajac in Flames zone.
1:46 of 1st period - Snap shot by Matthew Lombardi.
1:46 of 1st period - Deflect By Guillaume Latendresse.
1:46 of 1st period - Shot Blocked by Shawn Horcoff.
1:46 of 1st period - Puck is out of play.
1:47 of 1st period - Tomas Plekanec wins face-off versus Eric Staal in Flames zone.
2:00 of 1st period - Wrist shot by Paul Kariya.
2:00 of 1st period - Deflect By Rob Blake.
2:00 of 1st period - Shot Misses the Net.
2:00 of 1st period - Puck is out of play.
2:01 of 1st period - Travis Zajac wins face-off versus Blair Betts in Flames zone.
2:26 of 1st period - Paul Kariya is hit by David Backes and loses puck.
3:01 of 1st period - Tobias Enstrom is hit by Shawn Horcoff and loses puck.
3:09 of 1st period - Icing by Bryce Lampman.
3:10 of 1st period - Eric Staal wins face-off versus Travis Zajac in Blues zone.
3:21 of 1st period - Wrist shot by Eric Staal.
3:21 of 1st period - Stopped by Tuukka Rask without a rebound.
3:22 of 1st period - Teemu Selanne wins face-off versus Eric Staal in Blues zone.
3:47 of 1st period - Michal Handzus is hit by Stephane Robidas and loses puck.
4:08 of 1st period - Ville Peltonen is hit by Steve Eminger and loses puck.
4:19 of 1st period - Snap shot by Vaclav Varada.
4:19 of 1st period - Stopped by Pekka Rinne without a rebound.
4:20 of 1st period - Eric Staal wins face-off versus Tomas Plekanec in Flames zone.
5:16 of 1st period - Matthew Lombardi is hit by Kyle Calder and loses puck.
5:28 of 1st period - Off-side.
5:29 of 1st period - Éric Belanger wins face-off versus Eric Staal in neutral zone.
5:35 of 1st period - Icing by Matt Smaby.
5:36 of 1st period - Eric Staal wins face-off versus Teemu Selanne in Flames zone.
5:36 of 1st period - Eric Staal is hit by Paul Kariya.
6:18 of 1st period - Wrist shot by Jamie Langenbrunner.
6:18 of 1st period - Stopped by Pekka Rinne with a rebound.
6:53 of 1st period - Steve McCarthy is hit by Petr Schastlivy and loses puck.
8:07 of 1st period - Snap shot by Petr Schastlivy.
8:07 of 1st period - Stopped by Tuukka Rask with a rebound.
8:18 of 1st period - Icing by Stephane Robidas.
8:19 of 1st period - Matthew Lombardi wins face-off versus Blair Betts in Blues zone.
8:26 of 1st period - Slapshot by Dan Boyle.
8:26 of 1st period - Shot Blocked by Tomas Kaberle.
8:56 of 1st period - Slapshot by Henrik Zetterberg.
8:56 of 1st period - Stopped by Pekka Rinne without a rebound.
8:57 of 1st period - Eric Staal wins face-off versus Travis Zajac in Flames zone.
8:57 of 1st period - Eric Staal is hit by Henrik Zetterberg.
9:29 of 1st period - Bryce Lampman is hit by Matt Smaby and loses puck.
9:42 of 1st period - Wrist shot by Shawn Horcoff.
9:42 of 1st period - Stopped by Tuukka Rask without a rebound.
9:43 of 1st period - Matthew Lombardi wins face-off versus Owen Nolan in Blues zone.
10:22 of 1st period - Wrist shot by Petr Schastlivy.
10:22 of 1st period - Shot Misses the Net.
10:54 of 1st period - Wrist shot by Éric Belanger.
10:54 of 1st period - Shot Misses the Net.
12:49 of 1st period - David Moss is hit by Colby Armstrong and loses puck.
13:41 of 1st period - Snap shot by Ville Peltonen.
13:41 of 1st period - Shot Misses the Net.
13:43 of 1st period - Snap shot by Bryce Lampman.
13:43 of 1st period - Stopped by Pekka Rinne with a rebound.
13:51 of 1st period - Snap shot by Éric Belanger.
13:51 of 1st period - Stopped by Pekka Rinne without a rebound.
13:52 of 1st period - Eric Staal wins face-off versus Tomas Plekanec in Flames zone.
14:17 of 1st period - Radek Martinek is hit by Jamie Langenbrunner and loses puck.
14:40 of 1st period - Shawn Horcoff is hit by Stephane Robidas.
14:45 of 1st period - Minor Penalty to Matthew Lombardi for Hooking.
14:46 of 1st period - Paul Kariya wins face-off versus Eric Staal in Blues zone.
16:45 of 1st period - Penalty to Matthew Lombardi is over, Matthew Lombardi is back on ice.
16:53 of 1st period - Blair Betts is hit by Stephane Robidas and loses puck.
17:10 of 1st period - Slapshot by Tomas Plekanec.
17:10 of 1st period - Shot Blocked by Steve Eminger.
17:34 of 1st period - Kyle Calder is hit by Matthew Lombardi and loses puck.
17:55 of 1st period - Blair Betts is hit by Tomas Plekanec and loses puck.
18:00 of 1st period - Wrist shot by Teemu Selanne.
18:00 of 1st period - Stopped by Pekka Rinne without a rebound.
18:01 of 1st period - Teemu Selanne wins face-off versus Eric Staal in Flames zone.
18:02 of 1st period - Snap shot by Tomas Plekanec.
18:02 of 1st period - Shot Misses the Net.
18:49 of 1st period - Wrist shot by Éric Belanger.
18:49 of 1st period - Shot Misses the Net.
18:59 of 1st period - Backhand shot by Jordin Tootoo.
18:59 of 1st period - Deflect By Shawn Horcoff.
18:59 of 1st period - Stopped by Tuukka Rask without a rebound.
19:00 of 1st period - Shawn Horcoff wins face-off versus Matthew Lombardi in Blues zone.
19:25 of 1st period - Kyle Calder is hit by Henrik Zetterberg.
19:33 of 1st period - Snap shot by Henrik Zetterberg.
19:33 of 1st period - Deflect By Travis Zajac.
19:33 of 1st period - Stopped by Pekka Rinne with a rebound.
19:35 of 1st period - Wrist shot by Stephane Robidas.
19:35 of 1st period - Shot Misses the Net.
19:37 of 1st period - Slapshot by Stephane Robidas.
19:37 of 1st period - Deflect By Jamie Langenbrunner.
19:37 of 1st period - Stopped by Pekka Rinne with a rebound.
19:51 of 1st period - Slapshot by Paul Kariya.
19:51 of 1st period - Shot Blocked by Pavel Bure.
19:53 of 1st period - Slapshot by Bryce Lampman.
19:53 of 1st period - Shot Blocked by Tomas Kaberle.
2nd period
0:01 of 2nd period - Tomas Plekanec wins face-off versus Eric Staal in neutral zone.
0:04 of 2nd period - Wrist shot by Tomas Plekanec.
0:04 of 2nd period - Shot Misses the Net.
0:25 of 2nd period - Pavel Bure is hit by Guillaume Latendresse and loses puck.
0:48 of 2nd period - Slapshot by David Backes.
0:48 of 2nd period - Shot Misses the Net.
0:50 of 2nd period - Wrist shot by Alexander Semin.
0:50 of 2nd period - Shot Blocked by Johnny Boychuk.
0:52 of 2nd period - Snap shot by Alexander Semin.
0:52 of 2nd period - Deflect By Johnny Boychuk.
0:52 of 2nd period - Stopped by Tuukka Rask with a rebound.
0:54 of 2nd period - Wrist shot by Matt Smaby.
0:54 of 2nd period - Deflect By Alexander Semin.
0:54 of 2nd period - Shot Misses the Net.
0:54 of 2nd period - Puck is out of play.
0:55 of 2nd period - Teemu Selanne wins face-off versus Michal Handzus in Blues zone.
1:04 of 2nd period - Wrist shot by Alexander Semin.
1:04 of 2nd period - Shot Blocked by Steve McCarthy.
1:31 of 2nd period - Icing by Steve McCarthy.
1:32 of 2nd period - Eric Staal wins face-off versus Tomas Plekanec in Blues zone.
1:53 of 2nd period - Slapshot by Tomas Plekanec.
1:53 of 2nd period - Stopped by Pekka Rinne with a rebound.
2:09 of 2nd period - Wrist shot by Teemu Selanne.
2:09 of 2nd period - Stopped by Pekka Rinne with a rebound.
2:11 of 2nd period - Slapshot by Steve McCarthy.
2:11 of 2nd period - Stopped by Pekka Rinne with a rebound.
2:27 of 2nd period - Wrist shot by Paul Kariya.
2:27 of 2nd period - Stopped by Pekka Rinne with a rebound.
2:29 of 2nd period - Slapshot by Steve McCarthy.
2:29 of 2nd period - Shot Blocked by Mike Mottau.
2:31 of 2nd period - Wrist shot by Tomas Plekanec.
2:31 of 2nd period - Deflect By Paul Kariya.
2:31 of 2nd period - Shot Misses the Net.
2:31 of 2nd period - Puck is out of play.
2:32 of 2nd period - Michal Handzus wins face-off versus Travis Zajac in Flames zone.
2:32 of 2nd period - Michal Handzus is hit by Travis Zajac.
3:08 of 2nd period - Slapshot by Owen Nolan.
3:08 of 2nd period - Stopped by Tuukka Rask with a rebound.
3:20 of 2nd period - Dan Boyle is hit by Jordin Tootoo.
3:32 of 2nd period - Éric Belanger is hit by David Moss and loses puck.
3:46 of 2nd period - Minor Penalty to Dan Boyle for Holding.
3:47 of 2nd period - Paul Kariya wins face-off versus Eric Staal in Blues zone.
4:12 of 2nd period - Éric Belanger is hit by Alexander Semin and loses puck.
4:48 of 2nd period - Snap shot by Alexander Semin.
4:48 of 2nd period - Shot Blocked by Tobias Enstrom.
4:50 of 2nd period - Slapshot by Pavel Bure.
4:50 of 2nd period - Goal by Pavel Bure - Blues : 0 - Flames : 1.
4:51 of 2nd period - Travis Zajac wins face-off versus Shawn Horcoff in neutral zone.
5:04 of 2nd period - Wrist shot by Jamie Langenbrunner.
5:04 of 2nd period - Shot Misses the Net.
5:07 of 2nd period - Icing by Mike Mottau.
5:08 of 2nd period - Tomas Plekanec wins face-off versus Shawn Horcoff in Flames zone.
5:19 of 2nd period - Tomas Plekanec is hit by Shawn Horcoff and loses puck.
5:24 of 2nd period - Slapshot by Shawn Horcoff.
5:24 of 2nd period - Stopped by Tuukka Rask without a rebound.
5:25 of 2nd period - Eric Staal wins face-off versus Travis Zajac in Blues zone.
5:28 of 2nd period - Wrist shot by Pavel Bure.
5:28 of 2nd period - Stopped by Tuukka Rask without a rebound.
5:29 of 2nd period - Travis Zajac wins face-off versus Eric Staal in Blues zone.
5:42 of 2nd period - Off-side.
5:43 of 2nd period - Michal Handzus wins face-off versus Travis Zajac in neutral zone.
5:52 of 2nd period - Backhand shot by Tobias Enstrom.
5:52 of 2nd period - Shot Blocked by Rob Blake.
5:59 of 2nd period - Minor Penalty to Michal Handzus for Slashing.
6:00 of 2nd period - Jordin Tootoo wins face-off versus Travis Zajac in Flames zone.
6:13 of 2nd period - Slapshot by Teemu Selanne.
6:13 of 2nd period - Shot Blocked by Steve Eminger.
7:59 of 2nd period - Penalty to Michal Handzus is over, Michal Handzus is back on ice.
8:02 of 2nd period - Steve Eminger is hit by Jamie Langenbrunner.
8:12 of 2nd period - Snap shot by Stephane Robidas.
8:12 of 2nd period - Deflect By Colby Armstrong.
8:12 of 2nd period - Stopped by Pekka Rinne without a rebound.
8:13 of 2nd period - Shawn Horcoff wins face-off versus Matthew Lombardi in Flames zone.
8:20 of 2nd period - Matthew Lombardi is hit by Kyle Calder and loses puck.
9:04 of 2nd period - Henrik Zetterberg is hit by David Backes and loses puck.
9:36 of 2nd period - Off-side.
9:37 of 2nd period - Shawn Horcoff wins face-off versus Matthew Lombardi in neutral zone.
9:43 of 2nd period - Minor Penalty to Colby Armstrong for Holding.
9:44 of 2nd period - Alexander Semin wins face-off versus Paul Kariya in Blues zone.
9:45 of 2nd period - Snap shot by Pavel Bure.
9:45 of 2nd period - Deflect By Alexander Semin.
9:45 of 2nd period - Goal by Alexander Semin - Blues : 0 - Flames : 2.
9:46 of 2nd period - Travis Zajac wins face-off versus Eric Staal in neutral zone.
9:57 of 2nd period - Snap shot by Dan Boyle.
9:57 of 2nd period - Shot Misses the Net.
10:26 of 2nd period - David Backes is hit by Paul Kariya and loses puck.
10:39 of 2nd period - Snap shot by Matthew Lombardi.
10:39 of 2nd period - Stopped by Pekka Rinne with a rebound.
10:47 of 2nd period - Snap shot by Matthew Lombardi.
10:47 of 2nd period - Stopped by Pekka Rinne with a rebound.
11:01 of 2nd period - Slapshot by Owen Nolan.
11:01 of 2nd period - Stopped by Tuukka Rask without a rebound.
11:02 of 2nd period - Éric Belanger wins face-off versus Shawn Horcoff in Blues zone.
11:29 of 2nd period - Slapshot by Rob Blake.
11:29 of 2nd period - Shot Blocked by Éric Belanger.
11:32 of 2nd period - Minor Penalty to Éric Belanger for Hooking.
11:33 of 2nd period - Eric Staal wins face-off versus Matthew Lombardi in Blues zone.
11:42 of 2nd period - Snap shot by Alexander Semin.
11:42 of 2nd period - Shot Blocked by Matthew Lombardi.
11:44 of 2nd period - Slapshot by Tomas Kaberle.
11:44 of 2nd period - Deflect By Eric Staal.
11:44 of 2nd period - Shot Misses the Net.
11:44 of 2nd period - Puck is out of play.
11:45 of 2nd period - Paul Kariya wins face-off versus Alexander Semin in Blues zone.
12:32 of 2nd period - Wrist shot by Eric Staal.
12:32 of 2nd period - Goal by Eric Staal - Blues : 0 - Flames : 3.
12:33 of 2nd period - Eric Staal wins face-off versus Travis Zajac in neutral zone.
12:45 of 2nd period - Petr Schastlivy is hit by Travis Zajac and loses puck.
12:58 of 2nd period - Minor Penalty to Teemu Selanne for Slashing.
12:59 of 2nd period - Eric Staal wins face-off versus Paul Kariya in Blues zone.
14:58 of 2nd period - Penalty to Teemu Selanne is over, Teemu Selanne is back on ice.
14:58 of 2nd period - Eric Staal is hit by Tomas Plekanec and loses puck.
15:16 of 2nd period - Blair Betts is hit by Jamie Langenbrunner.
15:48 of 2nd period - Blair Betts is hit by Vaclav Varada and loses puck.
16:07 of 2nd period - Radek Martinek is hit by Teemu Selanne and loses puck.
16:45 of 2nd period - Snap shot by Henrik Zetterberg.
16:45 of 2nd period - Stopped by Pekka Rinne with a rebound.
17:37 of 2nd period - Radek Martinek is hit by Matthew Lombardi and loses puck.
18:18 of 2nd period - Kyle Calder is hit by Stephane Robidas.
18:28 of 2nd period - Paul Kariya is hit by David Backes and loses puck.
18:46 of 2nd period - Michal Handzus is hit by Bryce Lampman and loses puck.
19:08 of 2nd period - Matthew Lombardi is hit by David Moss and loses puck.
19:26 of 2nd period - Éric Belanger is hit by Shawn Horcoff and loses puck.
19:49 of 2nd period - Paul Kariya is hit by Owen Nolan.
3rd period
0:01 of 3rd period - Tomas Plekanec wins face-off versus Eric Staal in neutral zone.
0:10 of 3rd period - Teemu Selanne is hit by Pavel Bure and loses puck.
0:15 of 3rd period - Snap shot by Eric Staal.
0:15 of 3rd period - Stopped by Tuukka Rask without a rebound.
0:16 of 3rd period - Michal Handzus wins face-off versus Travis Zajac in Blues zone.
0:41 of 3rd period - Teemu Selanne is hit by Rob Blake and loses puck.
1:06 of 3rd period - Steve Eminger is hit by Dan Boyle and loses puck.
1:22 of 3rd period - Minor Penalty to Kyle Calder for Interference.
1:23 of 3rd period - Michal Handzus wins face-off versus Tomas Plekanec in Flames zone.
1:42 of 3rd period - Icing by Dan Boyle.
1:43 of 3rd period - Tomas Plekanec wins face-off versus Michal Handzus in Blues zone.
1:48 of 3rd period - Michal Handzus is hit by Henrik Zetterberg and loses puck.
2:09 of 3rd period - Petr Schastlivy is hit by Jamie Langenbrunner and loses puck.
2:22 of 3rd period - Wrist shot by Tomas Plekanec.
2:22 of 3rd period - Shot Misses the Net.
2:24 of 3rd period - Slapshot by Tobias Enstrom.
2:24 of 3rd period - Stopped by Pekka Rinne without a rebound.
2:25 of 3rd period - Travis Zajac wins face-off versus Eric Staal in Flames zone.
3:22 of 3rd period - Penalty to Kyle Calder is over, Kyle Calder is back on ice.
3:32 of 3rd period - Slapshot by Tomas Kaberle.
3:32 of 3rd period - Stopped by Tuukka Rask with a rebound.
3:34 of 3rd period - Wrist shot by Shawn Horcoff.
3:34 of 3rd period - Stopped by Tuukka Rask with a rebound.
3:36 of 3rd period - Slapshot by Steve Eminger.
3:36 of 3rd period - Shot Misses the Net.
3:38 of 3rd period - Wrist shot by Owen Nolan.
3:38 of 3rd period - Stopped by Tuukka Rask without a rebound.
3:39 of 3rd period - Éric Belanger wins face-off versus Blair Betts in Blues zone.
3:46 of 3rd period - Snap shot by Vaclav Varada.
3:46 of 3rd period - Stopped by Pekka Rinne without a rebound.
3:47 of 3rd period - Éric Belanger wins face-off versus Blair Betts in Flames zone.
3:50 of 3rd period - Slapshot by Vaclav Varada.
3:50 of 3rd period - Goal by Vaclav Varada - Blues : 1 - Flames : 3.
3:51 of 3rd period - Michal Handzus wins face-off versus Travis Zajac in neutral zone.
3:54 of 3rd period - Tobias Enstrom is hit by Alexander Semin.
4:07 of 3rd period - Mike Mottau is hit by Bryce Lampman and loses puck.
4:18 of 3rd period - Tomas Plekanec is hit by Pavel Bure and loses puck.
4:43 of 3rd period - Slapshot by Rob Blake.
4:43 of 3rd period - Stopped by Tuukka Rask with a rebound.
4:45 of 3rd period - Slapshot by Rob Blake.
4:45 of 3rd period - Shot Blocked by Stephane Robidas.
5:03 of 3rd period - Slapshot by David Moss.
5:03 of 3rd period - Stopped by Tuukka Rask without a rebound.
5:04 of 3rd period - Blair Betts wins face-off versus Éric Belanger in Blues zone.
5:05 of 3rd period - Snap shot by David Moss.
5:05 of 3rd period - Shot Hit the Post.
5:07 of 3rd period - Snap shot by David Moss.
5:07 of 3rd period - Stopped by Tuukka Rask without a rebound.
5:08 of 3rd period - Travis Zajac wins face-off versus Alexander Semin in Blues zone.
5:18 of 3rd period - Off-side.
5:19 of 3rd period - Tomas Plekanec wins face-off versus Eric Staal in neutral zone.
5:32 of 3rd period - Wrist shot by Eric Staal.
5:32 of 3rd period - Shot Misses the Net.
5:51 of 3rd period - Tomas Kaberle is hit by Henrik Zetterberg.
5:56 of 3rd period - Off-side.
5:57 of 3rd period - Michal Handzus wins face-off versus Matthew Lombardi in neutral zone.
6:04 of 3rd period - Wrist shot by Alexander Semin.
6:04 of 3rd period - Stopped by Tuukka Rask without a rebound.
6:05 of 3rd period - Matthew Lombardi wins face-off versus Michal Handzus in Blues zone.
6:10 of 3rd period - Slapshot by Stephane Robidas.
6:10 of 3rd period - Stopped by Pekka Rinne with a rebound.
6:59 of 3rd period - Minor Penalty to Tomas Plekanec for Roughing.
7:00 of 3rd period - Eric Staal wins face-off versus Paul Kariya in Blues zone.
7:09 of 3rd period - Slapshot by Paul Kariya.
7:09 of 3rd period - Shot Blocked by Alexander Semin.
7:11 of 3rd period - Wrist shot by Paul Kariya.
7:11 of 3rd period - Stopped by Pekka Rinne with a rebound.
7:13 of 3rd period - Slapshot by Matthew Lombardi.
7:13 of 3rd period - Stopped by Pekka Rinne without a rebound.
7:14 of 3rd period - Eric Staal wins face-off versus Paul Kariya in Flames zone.
7:29 of 3rd period - Snap shot by Matthew Lombardi.
7:29 of 3rd period - Goal by Matthew Lombardi - Blues : 2 - Flames : 3.
7:30 of 3rd period - Paul Kariya wins face-off versus Eric Staal in neutral zone.
7:33 of 3rd period - Wrist shot by Matthew Lombardi.
7:33 of 3rd period - Shot Misses the Net.
8:59 of 3rd period - Penalty to Tomas Plekanec is over, Tomas Plekanec is back on ice.
9:07 of 3rd period - Slapshot by Jordin Tootoo.
9:07 of 3rd period - Stopped by Tuukka Rask without a rebound.
9:08 of 3rd period - Blair Betts wins face-off versus Travis Zajac in Blues zone.
9:52 of 3rd period - Icing by Radek Martinek.
9:53 of 3rd period - Eric Staal wins face-off versus Tomas Plekanec in Flames zone.
11:07 of 3rd period - Backhand shot by Dan Boyle.
11:07 of 3rd period - Shot Blocked by Jordin Tootoo.
11:09 of 3rd period - Slapshot by Dan Boyle.
11:09 of 3rd period - Stopped by Pekka Rinne with a rebound.
11:11 of 3rd period - Snap shot by Vaclav Varada.
11:11 of 3rd period - Shot Blocked by David Moss.
11:12 of 3rd period - Minor Penalty to Jordin Tootoo for Tripping.
11:13 of 3rd period - Michal Handzus wins face-off versus Travis Zajac in Flames zone.
11:38 of 3rd period - Petr Schastlivy is hit by Jamie Langenbrunner and loses puck.
13:12 of 3rd period - Penalty to Jordin Tootoo is over, Jordin Tootoo is back on ice.
13:13 of 3rd period - Minor Penalty to Steve McCarthy for High sticking.
13:14 of 3rd period - Paul Kariya wins face-off versus Eric Staal in Blues zone.
13:14 of 3rd period - Paul Kariya is hit by Matt Smaby.
13:22 of 3rd period - Wrist shot by Eric Staal.
13:22 of 3rd period - Goal by Eric Staal - Blues : 2 - Flames : 4.
13:23 of 3rd period - Tomas Plekanec wins face-off versus Eric Staal in neutral zone.
13:25 of 3rd period - Off-side.
13:26 of 3rd period - Eric Staal wins face-off versus Tomas Plekanec in neutral zone.
13:39 of 3rd period - Snap shot by Pavel Bure.
13:39 of 3rd period - Stopped by Tuukka Rask with a rebound.
13:41 of 3rd period - Snap shot by Eric Staal.
13:41 of 3rd period - Stopped by Tuukka Rask with a rebound.
13:59 of 3rd period - Snap shot by Henrik Zetterberg.
13:59 of 3rd period - Stopped by Pekka Rinne with a rebound.
14:44 of 3rd period - Jordin Tootoo is hit by Dan Boyle.
15:06 of 3rd period - Slapshot by Paul Kariya.
15:06 of 3rd period - Shot Misses the Net.
15:22 of 3rd period - Wrist shot by Petr Schastlivy.
15:22 of 3rd period - Stopped by Tuukka Rask without a rebound.
15:23 of 3rd period - Matthew Lombardi wins face-off versus Shawn Horcoff in Blues zone.
15:48 of 3rd period - Henrik Zetterberg is hit by Tomas Kaberle and loses puck.
15:53 of 3rd period - Snap shot by Petr Schastlivy.
15:53 of 3rd period - Goal by Petr Schastlivy - Blues : 2 - Flames : 5.
15:54 of 3rd period - Eric Staal wins face-off versus Tomas Plekanec in neutral zone.
16:05 of 3rd period - Bryce Lampman is hit by Pavel Bure and loses puck.
16:24 of 3rd period - Snap shot by Alexander Semin.
16:24 of 3rd period - Stopped by Tuukka Rask with a rebound.
16:51 of 3rd period - Dan Boyle is hit by Kyle Calder and loses puck.
17:04 of 3rd period - Blair Betts is hit by Vaclav Varada and loses puck.
17:13 of 3rd period - Snap shot by Vaclav Varada.
17:13 of 3rd period - Stopped by Pekka Rinne with a rebound.
17:15 of 3rd period - Slapshot by Éric Belanger.
17:15 of 3rd period - Shot Blocked by Mike Mottau.
17:33 of 3rd period - Tomas Plekanec is hit by Petr Schastlivy and loses puck.
17:48 of 3rd period - Slapshot by David Backes.
17:48 of 3rd period - Stopped by Tuukka Rask without a rebound.
17:49 of 3rd period - Travis Zajac wins face-off versus Michal Handzus in Blues zone.
17:58 of 3rd period - Snap shot by Henrik Zetterberg.
17:58 of 3rd period - Goal by Henrik Zetterberg - Blues : 3 - Flames : 5.
17:59 of 3rd period - Matthew Lombardi wins face-off versus Shawn Horcoff in neutral zone.
17:59 of 3rd period - Minor Penalty to Owen Nolan for Interference.
18:00 of 3rd period - Travis Zajac wins face-off versus Michal Handzus in Flames zone.
18:11 of 3rd period - Snap shot by Teemu Selanne.
18:11 of 3rd period - Goal by Teemu Selanne - Blues : 4 - Flames : 5.
18:12 of 3rd period - Shawn Horcoff wins face-off versus Matthew Lombardi in neutral zone.
18:53 of 3rd period - Minor Penalty to Henrik Zetterberg for Roughing.
18:54 of 3rd period - Eric Staal wins face-off versus Paul Kariya in Blues zone.
19:26 of 3rd period - Snap shot by Shawn Horcoff.
19:26 of 3rd period - Shot Misses the Net.
19:28 of 3rd period - Wrist shot by David Backes.
19:28 of 3rd period - Shot Misses the Net.
Output by the SimonT Hockey Simulator (STHS) for François Prévost -- Original Page W3C XHTML 1.0 Valid